[Event "Polish Youth 1st League 2022"]
[Site "Lublin"]
[Date "2022.06.25"]
[Round "1.19"]
[White "Szlosarczyk, Hubert"]
[Black "Wojdak, Jan"]
[Result "1-0"]
[ECO "D59"]
[WhiteElo "1650"]
[BlackElo "2144"]
[Annotator "RC"]
[PlyCount "113"]
[EventDate "2022.06.24"]
[EventType "team-tourn"]
[EventCountry "POL"]
[SourceTitle "playchess.com"]
[Source "ChessBase"]
[SourceQuality "1"]
[TimeControl "40/5400+30:1800+30"]

1. d4 d5 2. c4 e6 3. Nc3 Nf6 4. Bg5 Be7 5. e3 h6 6. Bh4 O-O 7. Nf3 b6 8. cxd5 Nxd5 9. Nxd5 exd5 10. Bxe7 Qxe7 11. Qd2 Be6 12. Bd3 Rc8 13. O-O c5 14. Rac1 Nd7 15. h3 Nf6 16. Qe2 Rc7 17. b3 a5 18. a4 Qd8 19. Rc2 Ne4 20. Rfc1 Qc8 21. Bxe4 dxe4 22. Nd2 Raa7 23. Nc4 Qa6 24. Qf1 cxd4 25. exd4 Rd7 26. Ne5 Qxf1+ 27. Kxf1 Rd5 28. Ke2 Rb7 29. Ke3 Rd8 30. Rc3 Bd5 31. Rc8 Rb8 32. Rxb8 Rxb8 33. Nd7 Rd8 34. Nxb6 Bxb3 35. Rb1 Bc2 36. Rc1 Bd3 37. g3 Rd6 38. Rc8+ Kh7 39. Nc4 Rf6 40. Ne5 Bf1 41. h4 Bg2 42. Rc6 Rxc6 43. Nxc6 Bh3 44. Nxa5 Bd7 45. Nc4 Bxa4 46. Kxe4 Kg8 47. Ke5 f6+ 48. Kd6 Kf7 49. Ne3 h5 50. d5 g5 51. Nf5 Bc2 52. Nd4 Ba4 53. Kc7 Kg6 54. d6 Be8 55. d7 Bxd7 56. Kxd7 f5 57. f4 1-0

[Event "Polish Youth 1st League 2022"]
[Site "Lublin"]
[Date "2022.06.25"]
[Round "1.20"]
[White "Jendrowiak, Maciej"]
[Black "Kozlowski, Franciszek"]
[Result "1-0"]
[ECO "E32"]
[WhiteElo "1713"]
[BlackElo "1607"]
[Annotator "NA RC"]
[PlyCount "83"]
[EventDate "2022.06.24"]
[EventType "team-tourn"]
[EventCountry "POL"]
[SourceTitle "playchess.com"]
[Source "ChessBase"]
[SourceQuality "1"]
[TimeControl "40/5400+30:1800+30"]

1. d4 Nf6 2. c4 e6 3. Nc3 Bb4 4. Qc2 O-O 5. Nf3 d5 6. Bg5 h6 7. Bh4 c5 8. e3 cxd4 9. exd4 Nc6 10. a3 Be7 11. c5 a6 12. Bd3 Nh5 13. Bxe7 Qxe7 14. O-O Nf4 15. Rfe1 Qf6 16. Rad1 Kh8 17. Bf1 Qg6 18. Qxg6 Nxg6 19. Na4 Bd7 20. Nb6 Rad8 21. b4 Na7 22. a4 Nc8 23. Nxd7 Rxd7 24. Rb1 Nce7 25. b5 a5 26. h4 h5 27. g3 b6 28. Ng5 Nf5 29. Rbd1 Re8 30. Bd3 Rde7 31. Bxf5 exf5 32. Nxf7+ Kg8 33. Rxe7 Rxe7 34. Nd6 Nf8 35. cxb6 Re6 36. b7 Nd7 37. Nxf5 Rb6 38. Re1 g6 39. Ne7+ Kf8 40. Nxd5 Rxb7 41. Re7 Rc7 42. Kg2 1-0

[Event "Polish Youth 1st League 2022"]
[Site "Lublin"]
[Date "2022.06.25"]
[Round "1.21"]
[White "Duda, Szymon"]
[Black "Wierzbicki, Dawid"]
[Result "0-1"]
[ECO "B40"]
[WhiteElo "1707"]
[BlackElo "1556"]
[Annotator "NA RC"]
[PlyCount "112"]
[EventDate "2022.06.24"]
[EventType "team-tourn"]
[EventCountry "POL"]
[SourceTitle "playchess.com"]
[Source "ChessBase"]
[SourceQuality "1"]
[TimeControl "40/5400+30:1800+30"]

1. e4 c5 2. Nf3 e6 3. c4 a6 4. Nc3 d6 5. d4 cxd4 6. Nxd4 Nf6 7. Be2 Be7 8. O-O O-O 9. f4 Nbd7 10. Bf3 Qc7 11. Qe2 Rb8 12. g4 Kh8 13. Be3 b6 14. Rac1 Bb7 15. Qg2 Nc5 16. g5 Ng8 17. f5 e5 18. Nb3 Rfd8 19. Nxc5 bxc5 20. Qh3 f6 21. gxf6 Bxf6 22. Bh5 Qe7 23. Rc2 Bg5 24. Bxg5 Qxg5+ 25. Rg2 Qh6 26. Qf3 Qf6 27. Kh1 Rf8 28. Rfg1 Nh6 29. Rxg7 Nxf5 30. Rxb7 Rxb7 31. exf5 Rxb2 32. Qg3 Rb7 33. Bf3 Rg7 34. Qxg7+ Qxg7 35. Rxg7 Kxg7 36. Be4 Rb8 37. Kg2 Rb4 38. Bd3 Rb2+ 39. Kg3 Rd2 40. Bf1 Rd4 41. Nd5 Rd2 42. a4 Ra2 43. a5 Rxa5 44. f6+ Kf8 45. Be2 Ra3+ 46. Kh4 Ra2 47. Bh5 Rxh2+ 48. Kg5 a5 49. Nc7 Rf2 50. Ne6+ Kg8 51. Be8 e4 52. Bc6 e3 53. Bd5 Kh8 54. Nf4 Rxf4 55. Kxf4 e2 56. f7 Kg7 0-1

[Event "Polish Youth 1st League 2022"]
[Site "Lublin"]
[Date "2022.06.25"]
[Round "1.22"]
[White "Oles, Mateusz"]
[Black "Wajda, Krzysztof"]
[Result "0-1"]
[ECO "C50"]
[WhiteElo "1201"]
[BlackElo "1494"]
[Annotator "NA RC"]
[PlyCount "108"]
[EventDate "2022.06.24"]
[EventType "team-tourn"]
[EventCountry "POL"]
[SourceTitle "playchess.com"]
[Source "ChessBase"]
[SourceQuality "1"]
[TimeControl "40/5400+30:1800+30"]

1. e4 e5 2. Nf3 Nc6 3. Bc4 Bc5 4. O-O Nf6 5. d3 d6 6. a4 O-O 7. h3 h6 8. Re1 Be6 9. Bxe6 fxe6 10. c3 a5 11. Qb3 Qd7 12. Be3 b6 13. d4 exd4 14. cxd4 Bb4 15. Bd2 Bxd2 16. Nbxd2 Rae8 17. Rac1 Rf7 18. Re3 e5 19. d5 Nb4 20. Ne1 Nh5 21. Nd3 Ref8 22. Nxb4 axb4 23. Rf3 Nf4 24. Re3 Nxg2 25. Rg3 Nf4 26. Re1 Nh5 27. Rg2 Qe7 28. Qe3 Qf6 29. b3 Kh8 30. Nc4 Qh4 31. Rf1 Nf4 32. Rg3 Nh5 33. Rg4 Qf6 34. Nd2 Nf4 35. Rg3 Qh4 36. Nb1 Qh5 37. Re1 Ng6 38. Qe2 Nf4 39. Qxh5 Nxh5 40. Rg2 Rf3 41. Re3 Rxe3 42. fxe3 Rf3 43. Rc2 Rxe3 44. Nd2 Rc3 45. Rb2 Rxh3 46. Kf2 Nf4 47. Rb1 Rh2+ 48. Ke1 g5 49. Kd1 g4 50. Kc2 g3 51. Rg1 Ne2 52. Re1 Nd4+ 53. Kc1 g2 54. Kb2 Rh1 0-1

[Event "Polish Youth 1st League 2022"]
[Site "Lublin"]
[Date "2022.06.25"]
[Round "1.23"]
[White "Czarnecka, Lidia"]
[Black "Kroliczek, Gabriela"]
[Result "1/2-1/2"]
[ECO "C10"]
[WhiteElo "1940"]
[BlackElo "1934"]
[Annotator "NA RC"]
[PlyCount "81"]
[EventDate "2022.06.24"]
[EventType "team-tourn"]
[EventCountry "POL"]
[SourceTitle "playchess.com"]
[Source "ChessBase"]
[SourceQuality "1"]
[TimeControl "40/5400+30:1800+30"]

1. e4 e6 2. d4 d5 3. Nc3 Nc6 4. exd5 exd5 5. Be2 Nf6 6. Nf3 Be7 7. O-O O-O 8. h3 h6 9. Bf4 Bf5 10. Ne5 Nb8 11. Re1 c6 12. Bd3 Bxd3 13. Qxd3 Re8 14. Ne2 Nbd7 15. Ng3 Bf8 16. Nf5 $11 Nxe5 17. Bxe5 Ne4 18. c3 b5 19. Qf3 Re6 20. Re2 a5 21. Rc1 Rg6 22. Ng3 Nxg3 23. Bxg3 Qg5 24. Rce1 Rf6 25. Qd3 Qf5 26. Qd2 b4 27. Re5 Qd7 28. Qe2 a4 29. cxb4 Bxb4 30. Rc1 a3 31. bxa3 Bxa3 32. Re1 Bf8 33. Re8 Rxe8 34. Qxe8 Qa7 35. Kh2 Qxa2 36. Qb8 Qa3 37. Re8 Re6 38. Rxe6 fxe6 39. Qc8 Qe7 40. Qxc6 Qf7 41. Qc8 1/2-1/2

[Event "Polish Youth 1st League 2022"]
[Site "Lublin"]
[Date "2022.06.25"]
[Round "1.24"]
[White "Seemann, Pola"]
[Black "Slusarczyk, Anna"]
[Result "0-1"]
[ECO "B40"]
[WhiteElo "1777"]
[BlackElo "1544"]
[Annotator "NA RC"]
[PlyCount "102"]
[EventDate "2022.06.24"]
[EventType "team-tourn"]
[EventCountry "POL"]
[SourceTitle "playchess.com"]
[Source "ChessBase"]
[SourceQuality "1"]
[TimeControl "40/5400+30:1800+30"]

1. e4 c5 2. Nf3 e6 3. g3 Nc6 4. Bg2 g6 5. d4 cxd4 6. Nxd4 Nf6 7. O-O a6 8. Bg5 h6 9. Be3 Qc7 10. Nc3 d6 11. Nxc6 bxc6 12. f4 Bg7 13. Bf3 O-O 14. Qd2 Kh7 15. Rad1 d5 16. Bc5 Rd8 17. e5 Nd7 18. Bd6 Qa7+ 19. Kh1 Bf8 20. Bxf8 Rxf8 21. g4 Nb6 22. b3 Bb7 23. Qg2 d4 24. Ne4 Nd5 25. g5 h5 26. Qh3 Kg7 27. Rde1 Ne3 28. Rf2 Rh8 29. Nd6 Rad8 30. Rfe2 Ba8 31. Nc4 Nxc4 32. bxc4 Qc5 33. f5 gxf5 34. Qh4 Kg6 35. Rd2 Qxc4 36. Red1 c5 37. Qf2 Bxf3+ 38. Qxf3 Qd5 39. Kg2 Qxe5 40. c3 Rd6 41. Kg1 Rhd8 42. Re2 Qd5 43. Qf4 d3 44. Re5 Qxa2 45. Rf1 Rd5 46. c4 Rd4 47. Qf3 Rg4+ 48. Kh1 Rxg5 49. Qc6 Qxc4 50. Rfe1 Kf6 51. Rxc5 d2 0-1

[Event "Polish Youth 1st League 2022"]
[Site "Lublin"]
[Date "2022.06.25"]
[Round "1.25"]
[White "Panek, Bartosz"]
[Black "Wieczorek, Mikolaj"]
[Result "1-0"]
[ECO "B54"]
[WhiteElo "2022"]
[BlackElo "1942"]
[Annotator "NA RC"]
[PlyCount "123"]
[EventDate "2022.06.24"]
[EventType "team-tourn"]
[EventCountry "POL"]
[SourceTitle "playchess.com"]
[Source "ChessBase"]
[SourceQuality "1"]
[TimeControl "40/5400+30:1800+30"]

1. e4 c5 2. Nf3 d6 3. d4 cxd4 4. Nxd4 Nf6 5. f3 e5 6. Nb3 Be7 7. c4 O-O 8. Be3 a5 9. Nc3 a4 10. Nc1 Qa5 11. Be2 Be6 12. Qd2 Rc8 13. Nd5 Bxd5 14. cxd5 Bd8 15. b4 axb3 16. Nxb3 Qa3 17. Kf2 Na6 18. Bxa6 bxa6 19. Rhc1 a5 20. Rxc8 Rxc8 {[%emt 0:00:05] [#]} 21. Rc1 $1 Rxc1 22. Nxc1 Nd7 23. Qc2 Kf8 24. Qb3 Qxb3 25. Nxb3 f5 26. Nd2 f4 27. Ba7 Bb6+ 28. Bxb6 Nxb6 29. Ke2 Ke7 {[%emt 0:02:02] [#]} 30. Kd3 $1 g5 $16 31. Nc4 Na4 32. Nxa5 h5 33. Kc2 g4 34. Nb7 g3 35. h3 Kd7 36. Kd2 Kc7 37. Na5 Kb6 38. Nc6 Nb2 39. Ke2 Nc4 40. Ne7 Kc5 41. Nf5 Kb4 42. Ng7 Ne3 43. Nf5 Nc4 44. Kf1 Kc3 45. a4 Kb4 46. Ng7 h4 47. Nf5 Kxa4 48. Nxh4 Kb5 49. Nf5 Kc5 50. h4 Nb6 51. Ng7 Nd7 52. Ne8 Nf8 53. h5 Nh7 54. h6 Kd4 55. Nxd6 Ng5 56. Nb7 Ke3 57. d6 Nxf3 58. gxf3 Kxf3 59. d7 g2+ 60. Kg1 Ke2 61. d8=Q f3 62. Qb6 1-0

[Event "Polish Youth 1st League 2022"]
[Site "Lublin"]
[Date "2022.06.25"]
[Round "1.26"]
[White "Bednarczyk, Mateusz"]
[Black "Kubik, Rafal"]
[Result "0-1"]
[ECO "B76"]
[WhiteElo "1701"]
[BlackElo "1827"]
[Annotator "NA RC"]
[PlyCount "110"]
[EventDate "2022.06.24"]
[EventType "team-tourn"]
[EventCountry "POL"]
[SourceTitle "playchess.com"]
[Source "ChessBase"]
[SourceQuality "1"]
[TimeControl "40/5400+30:1800+30"]

1. e4 c5 2. Nf3 d6 3. d4 cxd4 4. Nxd4 Nf6 5. Nc3 g6 6. Be3 Bg7 7. f3 O-O 8. Qd2 Nc6 9. O-O-O d5 10. exd5 Nxd5 11. Nxd5 Qxd5 12. Nb3 Qe5 13. c3 Qc7 14. g4 Be6 15. Qc2 Rac8 16. Bd3 Qe5 17. Qd2 Nb4 18. Kb1 Nxa2 19. c4 Rfd8 20. Bf4 Rxd3 21. Bxe5 Rxd2 22. Nxd2 Bxe5 23. Kxa2 Bxc4+ 24. Nxc4 Rxc4 25. Rd7 Rb4 26. b3 Bd6 27. h4 h6 28. Rc1 Kg7 29. Rc4 Rb5 30. Rd8 a5 31. Ra8 b6 32. Ra6 Bg3 33. Rc6 Bf2 34. Kb2 h5 35. gxh5 Rxh5 36. Rc4 Rf5 37. f4 Rh5 38. Re4 Bc5 39. Ra8 Rxh4 40. Rc4 Kf6 41. Kc2 Kf5 42. Rxc5+ bxc5 43. Rxa5 Rxf4 44. Rxc5+ e5 45. Kc3 g5 46. b4 g4 47. Rc7 Ke6 48. b5 g3 49. Rc8 Rg4 50. b6 g2 51. b7 g1=Q 52. b8=Q Qc1+ 53. Kb3 Qb1+ 54. Kc3 Rg3+ 55. Kc4 Qc2+ 0-1

[Event "Polish Youth 1st League 2022"]
[Site "Lublin"]
[Date "2022.06.25"]
[Round "1.27"]
[White "Karwot, Marek"]
[Black "Nagly, Wojciech"]
[Result "0-1"]
[ECO "C41"]
[WhiteElo "1454"]
[BlackElo "1464"]
[Annotator "NA RC"]
[PlyCount "116"]
[EventDate "2022.06.24"]
[EventType "team-tourn"]
[EventCountry "POL"]
[SourceTitle "playchess.com"]
[Source "ChessBase"]
[SourceQuality "1"]
[TimeControl "40/5400+30:1800+30"]

1. e4 e5 2. Nf3 d6 3. d4 Nf6 4. dxe5 Nxe4 5. exd6 Bxd6 6. Be3 O-O 7. Nbd2 Nxd2 8. Qxd2 Nc6 9. O-O-O Be6 10. a3 Qe7 11. Qc3 Bg4 12. Be2 Ne5 13. Bd4 Bxf3 14. Bxf3 Nxf3 15. Qxf3 Qe6 16. Kb1 b5 17. Rhe1 Qg6 18. Re4 f6 19. h4 a5 20. h5 Qf7 21. Qb3 Qxb3 22. cxb3 Rfe8 23. Rde1 Rxe4 24. Rxe4 Kf7 25. a4 Rb8 26. Bc3 b4 27. Bd2 Rd8 28. Kc2 Be5 29. f3 Rd5 30. Be3 Bd6 31. g4 f5 32. Rc4 fxg4 33. fxg4 Re5 34. Kd3 Ke6 35. Re4 Rxe4 36. Kxe4 Be5 37. Bf4 Bxf4 38. Kxf4 Kf6 39. g5+ Ke6 40. Ke4 g6 41. hxg6 hxg6 42. Kd4 Kd6 43. Kc4 c6 44. Kd4 c5+ 45. Kc4 Kc6 46. Kd3 Kd5 47. Kc2 Ke4 48. Kd2 Kf4 49. Kd3 Kxg5 50. Kc4 Kf4 51. Kb5 g5 52. Kxa5 g4 53. Kb6 g3 54. a5 g2 55. a6 g1=Q 56. Kb7 Qg2+ 57. Kb8 Qxb2 58. a7 Qxb3 0-1

[Event "Polish Youth 1st League 2022"]
[Site "Lublin"]
[Date "2022.06.25"]
[Round "1.28"]
[White "Gibala, Adam"]
[Black "Niesporek, Franciszek"]
[Result "1/2-1/2"]
[ECO "B50"]
[WhiteElo "1516"]
[BlackElo "1332"]
[Annotator "NA RC"]
[PlyCount "81"]
[EventDate "2022.06.24"]
[EventType "team-tourn"]
[EventCountry "POL"]
[SourceTitle "playchess.com"]
[Source "ChessBase"]
[SourceQuality "1"]
[TimeControl "40/5400+30:1800+30"]

1. e4 c5 2. Nf3 d6 3. c3 Nf6 4. Be2 g6 5. O-O Bg7 6. Bb5+ Nc6 7. Re1 O-O 8. d4 Qc7 9. Bxc6 Qxc6 10. d5 Qc7 11. c4 e6 12. Nc3 a6 13. Bg5 h6 14. Bxf6 Bxf6 15. e5 dxe5 16. d6 Qc6 17. Nxe5 Bxe5 18. Rxe5 Rd8 19. Qg4 Qxd6 20. Rae1 b6 21. Qf3 Ra7 22. Qf6 Qe7 23. Qf4 Rd4 24. Qxh6 Qh4 25. Qe3 Kg7 26. Re4 Rxe4 27. Nxe4 Rd7 28. Nd6 Qd8 29. Rd1 Bb7 30. h3 Kg8 31. Qe5 Qc7 32. Kh2 Qc6 33. f3 Qc7 34. h4 Qd8 35. Kh3 Qe7 36. h5 gxh5 37. Qg3+ Kh7 38. Qe5 Kg8 39. Qg3+ Kh7 40. Qe5 Kg8 41. Qg3+ 1/2-1/2

[Event "Polish Youth 1st League 2022"]
[Site "Lublin"]
[Date "2022.06.25"]
[Round "1.29"]
[White "Bugaj, Hanna"]
[Black "Starosta, Martyna"]
[Result "0-1"]
[ECO "E16"]
[WhiteElo "1779"]
[BlackElo "1918"]
[Annotator "NA RC"]
[PlyCount "202"]
[EventDate "2022.06.24"]
[EventType "team-tourn"]
[EventCountry "POL"]
[SourceTitle "playchess.com"]
[Source "ChessBase"]
[SourceQuality "1"]
[TimeControl "40/5400+30:1800+30"]

1. d4 Nf6 2. c4 e6 3. Nf3 Bb4+ 4. Bd2 Qe7 5. a3 Bxd2+ 6. Qxd2 Ne4 7. Qc2 d5 8. Nc3 Nxc3 9. Qxc3 O-O 10. e3 b6 11. b4 dxc4 12. Bxc4 Bb7 13. Be2 Rc8 14. O-O Nd7 15. Rfd1 Rab8 16. a4 Nf6 17. Rab1 Be4 18. Rb2 Nd5 19. Qd2 c5 20. bxc5 bxc5 21. Rxb8 Rxb8 22. Ne5 cxd4 23. exd4 Qa3 24. Bb5 a6 25. Bxa6 Qxa4 26. Bd3 Bxd3 27. Qxd3 Nf4 28. Qf1 Qc2 29. h3 Rb2 30. Ng4 h5 31. Ne3 Qe4 32. Kh2 Ne2 33. Re1 Qf4+ 34. Kh1 Nxd4 35. Nd1 Rd2 36. Kg1 g6 37. Kh1 Nf5 38. Kg1 Qd4 39. Kh1 Kg7 40. Kh2 Qf4+ 41. Kg1 Qd4 42. Kh1 g5 43. Ne3 Nxe3 44. Rxe3 Ra2 45. Kg1 Qb2 46. Re1 Qd4 47. Rd1 Qf6 48. Qe1 Rc2 49. Qe3 Qf4 50. Qxf4 gxf4 51. Rd3 Kg6 52. g3 Kg5 53. Kg2 f6 54. gxf4+ Kxf4 55. Rd4+ Kf5 $17 56. Rd8 Rc7 57. Rg8 e5 58. Rg3 e4 59. Rg8 Kf4 60. Ra8 Rg7+ 61. Kf1 Rd7 62. Kg2 Rd2 63. Re8 Re2 64. Ra8 e3 65. Ra4+ Kg5 66. h4+ Kf5 67. Kf3 Rxf2+ 68. Kxe3 Rg2 69. Rf4+ Ke5 70. Ra4 Rg3+ 71. Ke2 Rg2+ 72. Ke3 Kf5 73. Rf4+ Kg6 74. Kf3 Rc2 75. Ra4 Rc3+ 76. Kg2 Re3 77. Rb4 Kf5 78. Rb5+ Re5 79. Rb4 Re4 80. Rb8 Rxh4 81. Kg3 Rg4+ 82. Kf3 Rg7 83. Rb5+ Kg6 84. Kg3 Rc7 85. Rb4 Kg5 86. Rb8 Rc3+ 87. Kg2 f5 88. Rg8+ Kf4 89. Rh8 Rc2+ 90. Kg1 h4 91. Kf1 Kf3 92. Kg1 f4 93. Rg8 Rc1+ 94. Kh2 Ke2 95. Re8+ Kf2 96. Rh8 f3 97. Rxh4 Ke3 98. Rh3 Ke2 99. Kg3 f2 100. Rh2 Rc3+ 101. Kf4 Ke1 0-1

[Event "Polish Youth 1st League 2022"]
[Site "Lublin"]
[Date "2022.06.25"]
[Round "1.30"]
[White "Kulczycka, Zofia"]
[Black "Sprzeczka, Emilia"]
[Result "0-1"]
[ECO "B50"]
[WhiteElo "1564"]
[BlackElo "1692"]
[Annotator "NA RC"]
[PlyCount "56"]
[EventDate "2022.06.24"]
[EventType "team-tourn"]
[EventCountry "POL"]
[SourceTitle "playchess.com"]
[Source "ChessBase"]
[SourceQuality "1"]
[TimeControl "40/5400+30:1800+30"]

1. e4 c5 2. Nf3 d6 3. c3 Nf6 4. Be2 g6 5. O-O Bg7 6. Bb5+ Nc6 7. d4 O-O 8. Re1 cxd4 9. cxd4 Bg4 10. Bxc6 bxc6 11. Nc3 Nd7 12. Be3 Rb8 13. Rb1 f5 14. h3 fxe4 15. hxg4 exf3 16. gxf3 Rf7 17. Kg2 d5 18. f4 Nb6 19. Bc1 Qd6 20. Qd3 Rbf8 21. Ne2 c5 22. dxc5 Qxc5 23. Be3 d4 24. Bxd4 Qd5+ 25. Kg3 e5 26. f5 gxf5 27. gxf5 Rxf5 28. Kh2 Rxf2+ 0-1

[Event "Polish Youth 1st League 2022"]
[Site "Lublin"]
[Date "2022.06.26"]
[Round "2.1"]
[White "Madej, Marek"]
[Black "Bednarczyk, Mateusz"]
[Result "1-0"]
[ECO "B45"]
[WhiteElo "1978"]
[BlackElo "1701"]
[Annotator "NA RC"]
[PlyCount "85"]
[EventDate "2022.06.24"]
[EventType "team-tourn"]
[EventCountry "POL"]
[SourceTitle "playchess.com"]
[Source "ChessBase"]
[SourceQuality "1"]
[TimeControl "40/5400+30:1800+30"]

1. e4 c5 2. Nc3 e6 3. Nf3 Nc6 4. d4 cxd4 5. Nxd4 Nf6 6. Nxc6 bxc6 7. e5 Nd5 8. Ne4 Qc7 9. f4 Qb6 10. c4 Bb4+ 11. Ke2 f5 12. Nf2 Ba6 13. Kf3 Ne7 14. Be3 Bc5 15. Bxc5 Qxc5 16. Qd6 Qb6 17. b3 g5 18. Nd3 g4+ 19. Ke2 Rd8 20. g3 h5 21. h3 Bb7 22. Bg2 Kf7 23. Rad1 h4 24. hxg4 fxg4 25. Be4 hxg3 26. f5 g2 27. Rxh8 Rxh8 28. f6 g1=N+ 29. Kf1 Re8 30. c5 Qa5 31. Kxg1 Qxa2 32. fxe7 g3 33. Rf1+ Kg7 34. Bg2 Ba6 35. Qd4 Qe2 36. Qf4 Bxd3 37. Qf7+ Kh6 38. Rf6+ Kg5 39. Qg7+ Kh4 40. Rh6+ Qh5 41. Qf6+ Kg4 42. Bf3+ Kh3 43. Rxh5# 1-0

[Event "Polish Youth 1st League 2022"]
[Site "Lublin"]
[Date "2022.06.26"]
[Round "2.2"]
[White "Halhoul, Adam"]
[Black "Nowak, Filip"]
[Result "1-0"]
[ECO "D43"]
[WhiteElo "1675"]
[BlackElo "1819"]
[Annotator "NA RC"]
[PlyCount "131"]
[EventDate "2022.06.24"]
[EventType "team-tourn"]
[EventCountry "POL"]
[SourceTitle "playchess.com"]
[Source "ChessBase"]
[SourceQuality "1"]
[TimeControl "40/5400+30:1800+30"]

1. d4 d5 2. c4 c6 3. Nf3 Nf6 4. Nc3 e6 5. Bg5 Nbd7 6. cxd5 exd5 7. e3 Be7 8. Bd3 O-O 9. O-O h6 10. Bf4 Re8 11. Qc2 Bf8 12. Rab1 a5 13. a3 Qe7 14. b4 b5 15. Be5 Nb6 16. e4 Be6 17. Bxf6 Qxf6 18. Ne5 axb4 19. axb4 Rec8 20. f4 dxe4 21. Nxe4 Qd8 22. Qf2 Ra2 23. Rb2 Rxb2 24. Qxb2 Bd5 25. Nc5 Ra8 26. Ra1 Nc4 27. Bxc4 bxc4 28. Ra3 Rb8 29. Qd2 Ra8 30. Qb2 Rxa3 31. Qxa3 Qh4 32. Qe3 Qh5 33. g4 Qh4 34. h3 h5 35. g5 Bxc5 36. dxc5 c3 37. Nd3 c2 38. Nc1 f6 39. g6 Kf8 40. Kh2 f5 41. Qd2 Qe7 42. Qxc2 Qe3 43. Qxf5+ Ke7 44. Qe5+ Qxe5 45. fxe5 Ke6 46. Kg3 Kxe5 47. Nd3+ Kd4 48. Nf4 Be4 49. Nxh5 Bxg6 50. Nxg7 Kc4 51. Kf4 Kxb4 52. Ne6 Bf7 53. Ke5 Bxe6 54. Kxe6 Kxc5 55. h4 Kb4 56. h5 c5 57. h6 c4 58. h7 c3 59. h8=Q Kb3 60. Qb8+ Ka2 61. Qa7+ Kb1 62. Qb6+ Kc1 63. Qe3+ Kb2 64. Qd4 Kb3 65. Ke5 c2 66. Qa1 1-0

[Event "Polish Youth 1st League 2022"]
[Site "Lublin"]
[Date "2022.06.26"]
[Round "2.3"]
[White "Grot, Blazej"]
[Black "Nagly, Wojciech"]
[Result "1-0"]
[ECO "B00"]
[WhiteElo "1819"]
[BlackElo "1464"]
[Annotator "NA RC"]
[PlyCount "169"]
[EventDate "2022.06.24"]
[EventType "team-tourn"]
[EventCountry "POL"]
[SourceTitle "playchess.com"]
[Source "ChessBase"]
[SourceQuality "1"]
[TimeControl "40/5400+30:1800+30"]

1. e4 d6 2. d3 Nf6 3. Nf3 c6 4. g3 Bg4 5. Bg2 e6 6. Nbd2 d5 7. O-O Be7 8. c3 O-O 9. Qc2 Bxf3 10. Nxf3 c5 11. Bf4 Nc6 12. Rfe1 Re8 13. Rad1 Bf8 14. e5 Nd7 15. h4 d4 16. h5 Rc8 17. Qe2 Qa5 18. Qc2 b5 19. g4 Nb6 20. Ng5 Nd5 21. Bd2 h6 22. Nf3 dxc3 23. bxc3 c4 24. dxc4 bxc4 25. g5 Nce7 26. gxh6 gxh6 27. Nd4 Nc6 28. Qc1 Nxd4 29. cxd4 Qa3 30. Qxa3 Bxa3 31. Bxh6 Bb4 32. Rf1 c3 33. Rc1 Ba3 34. Rc2 Nb4 35. Re2 c2 36. Bc1 Bxc1 37. Rxc1 Rc4 38. Be4 Rxd4 39. Bxc2 Rc8 40. Bh7+ Kxh7 41. Rxc8 Nd5 42. Rd8 Rg4+ 43. Kh2 Rh4+ 44. Kg3 Rxh5 45. Rd7 Kg6 46. Rxa7 Rg5+ 47. Kh2 Rh5+ 48. Kg1 Rg5+ 49. Kf1 Rh5 50. f3 Nf4 51. Re4 Nd3 52. Rg4+ Kh6 53. Rxf7 Nxe5 54. Rf6+ Kh7 55. Rg3 Rh1+ 56. Kg2 Ra1 57. Rxe6 Rxa2+ 58. Kh3 Nd3 59. Re7+ Kh6 60. Rg1 Ra5 61. Rb1 Nf4+ 62. Kg3 Nh5+ 63. Kf2 Ra2+ 64. Re2 Ra6 65. Rb8 Nf4 66. Rc2 Nd3+ 67. Ke3 Ne5 68. f4 Ng4+ 69. Kf3 Nf6 70. Rb3 Nd5 71. Rc4 Ne7 72. Rb5 Ng6 73. f5 Ne7 74. Re4 Nc6 75. Kg4 Kg7 76. Rb7+ Kf8 77. Kg5 Na5 78. Ra4 Kg8 79. Rb5 Rd6 80. Rb8+ Kf7 81. Rxa5 Rd7 82. Rab5 Ke7 83. R8b7 Rxb7 84. Rxb7+ Kf8 85. Kg6 1-0

[Event "Polish Youth 1st League 2022"]
[Site "Lublin"]
[Date "2022.06.26"]
[Round "2.4"]
[White "Gibala, Adam"]
[Black "Rozanski, Mateusz"]
[Result "1-0"]
[ECO "C79"]
[WhiteElo "1516"]
[BlackElo "1720"]
[Annotator "NA RC"]
[PlyCount "49"]
[EventDate "2022.06.24"]
[EventType "team-tourn"]
[EventCountry "POL"]
[SourceTitle "playchess.com"]
[Source "ChessBase"]
[SourceQuality "1"]
[TimeControl "40/5400+30:1800+30"]

1. e4 e5 2. Nf3 Nc6 3. Bb5 a6 4. Ba4 Nf6 5. O-O d6 6. Re1 Bg4 7. c3 Be7 8. h3 Bh5 9. Bxc6+ bxc6 10. d4 O-O 11. dxe5 Bxf3 12. Qxf3 dxe5 13. Nd2 Qd6 14. Nc4 Qe6 15. b3 Rad8 16. Bg5 Ne8 17. Bxe7 Qxe7 18. Qg3 f6 19. Na5 Rd6 20. Nb7 Rd2 21. Qe3 Qd7 22. Nc5 Qd6 23. b4 f5 24. exf5 Rxf5 25. Ne4 1-0

[Event "Polish Youth 1st League 2022"]
[Site "Lublin"]
[Date "2022.06.26"]
[Round "2.5"]
[White "Krzyzosiak, Marta"]
[Black "Starosta, Martyna"]
[Result "0-1"]
[ECO "A45"]
[WhiteElo "1666"]
[BlackElo "1918"]
[Annotator "RC"]
[PlyCount "136"]
[EventDate "2022.06.24"]
[EventType "team-tourn"]
[EventCountry "POL"]
[SourceTitle "playchess.com"]
[Source "ChessBase"]
[SourceQuality "1"]
[TimeControl "40/5400+30:1800+30"]

1. d4 Nf6 2. Nc3 d5 3. Bf4 c5 4. e3 a6 5. dxc5 Nc6 6. Nf3 Bg4 7. Be2 e6 8. Na4 Ne4 9. c3 Nxc5 10. Nxc5 Bxc5 11. Nd4 Bxe2 12. Qxe2 Bxd4 13. exd4 O-O 14. O-O Qd7 15. Qg4 Ne7 16. Rae1 b5 17. Bg5 Nf5 18. Qh3 a5 19. a3 b4 20. axb4 axb4 21. Ra1 bxc3 22. bxc3 Nd6 23. Qd3 Ne4 24. Bd2 Qc6 25. f3 Nd6 26. Rfb1 Rfc8 27. h3 Nc4 28. Rxa8 Qxa8 29. Bf4 h6 30. Kh2 Qc6 31. Rb3 Nd6 32. Bxd6 Qxd6+ 33. Kg1 Qf4 34. Rb1 g6 35. Kh1 Kg7 36. Rd1 Ra8 37. Qc2 Qe3 38. Qc1 Qe2 39. Re1 Qc4 40. Qe3 Ra3 41. Qe5+ Kh7 42. Rb1 Ra2 43. Qf4 Ra7 44. Qe3 Qc7 45. Rc1 Ra2 46. Qe5 Qxe5 47. dxe5 Ra4 48. Kg1 Rc4 49. Kf2 d4 50. Ke2 dxc3 51. Kd3 Rc5 52. Rxc3 Rxe5 53. Rc1 g5 54. Rc4 Re1 55. h4 Kg6 56. hxg5 hxg5 57. g4 Kf6 58. f4 Rg1 59. f5 exf5 60. Rc6+ Ke5 61. Rc5+ Kf4 62. gxf5 Re1 63. f6 Re6 64. Rc1 g4 65. Rf1+ Kg5 66. Rf2 Rxf6 67. Rxf6 Kxf6 68. Ke3 Kg5 0-1

[Event "Polish Youth 1st League 2022"]
[Site "Lublin"]
[Date "2022.06.26"]
[Round "2.6"]
[White "Kulczycka, Zofia"]
[Black "Wieczorek, Maja"]
[Result "1/2-1/2"]
[ECO "C80"]
[WhiteElo "1564"]
[BlackElo "1316"]
[Annotator "NA RC"]
[PlyCount "62"]
[EventDate "2022.06.24"]
[EventType "team-tourn"]
[EventCountry "POL"]
[SourceTitle "playchess.com"]
[Source "ChessBase"]
[SourceQuality "1"]
[TimeControl "40/5400+30:1800+30"]

1. e4 e5 2. Nf3 Nc6 3. Bb5 a6 4. Ba4 Nf6 5. O-O Nxe4 6. d4 exd4 7. Re1 d5 8. Nxd4 Bd6 9. Nxc6 Bxh2+ 10. Kh1 Qh4 11. Rxe4+ dxe4 12. Qd8+ Qxd8 13. Nxd8+ Kxd8 14. Kxh2 Be6 15. Nc3 c5 16. a3 c4 17. Nxe4 b5 18. Bxb5 axb5 19. Bf4 f6 20. Rd1+ Ke7 21. Bd6+ Kf7 22. Bb4 Rhd8 23. Nd6+ Kg6 24. Re1 Bf5 25. Re3 Rxd6 26. Bxd6 Bxc2 27. Re7 Rd8 28. Bb4 Ba4 29. Kg3 Rd5 30. Rb7 Rg5+ 31. Kh2 Rh5+ 1/2-1/2